 Dungeon Crawl Stone Soup version 0.31-a0-963-ga325b2283a (webtiles) character file.

Game seed: 16783908848888571778

18 Newt the Shooter (level 2, 0/19 HPs)
             Began as a Kobold Hunter on Oct 24, 2023.
             Slain by Natasha (6 damage)
             ... on level 2 of the Dungeon.
             The game lasted 00:00:37 (1015 turns).

Newt the Shooter (Kobold Hunter)                    Turns: 1015, Time: 00:00:38

Health: 0/19       AC:  3    Str:  8    XL:     2   Next: 85%
Magic:  2/2        EV: 14    Int: 10    God:
Gold:   20         SH:  0    Dex: 18    Spells: 1/1 levels left

rFire   . . .        a - +0 shortbow
rCold   . . .        (shield currently unavailable)
rNeg    . . .        c - +0 leather armour
rPois   .            (no helmet)
rElec   .            (no cloak)
rCorr   .            (no gloves)
SInv    .            (no boots)
Will    .....        n - amulet of the acrobat
Stlth   +++          (no ring)
HPRegen 0.23/turn    (no ring)
MPRegen 0.08/turn

%: acrobat
@: no status effects
A: small, no large weapons, nightstalker 3
a: no special abilities


You were on level 2 of the Dungeon.
You visited 1 branch of the dungeon, and saw 2 of its levels.

You collected 20 gold pieces.

Inventory:

Hand Weapons
 a - a +0 shortbow (weapon)
Armour
 c - a +0 leather armour (worn)
Jewellery
 n - an amulet of the acrobat (around neck)
Talismans
 e - a beast talisman
Scrolls
 b - a scroll of butterflies
 d - a scroll of torment {unknown}
 f - a scroll of blinking {unknown}
 g - a scroll of revelation {unknown}
 j - 3 scrolls of teleportation {unknown}
 k - 2 scrolls of identify {unknown}
 l - a scroll of fear {unknown}
Potions
 h - 3 potions of lignification {unknown}
 i - a potion of invisibility {unknown}
 m - 2 potions of brilliance {unknown}


   Skills:
 * Level 3.5 Fighting
 - Level 5.3 Ranged Weapons
 - Level 2.4 Dodging
 - Level 1.3 Stealth


You had one spell level left.
You didn't know any spells.
Your spell library was empty.

Dungeon Overview and Level Annotations

Branches:
Dungeon (2/15)

Altars:

Annotations:
D:2 Natasha


Innate Abilities, Weirdness & Mutations

You are small and have problems with some larger weapons.
You are completely attuned to the shadows.


Message History

The endoplasm is lightly wounded.
You shoot an arrow. The arrow hits the endoplasm.
The endoplasm is almost dead.
You shoot an arrow. The arrow hits the endoplasm.
You kill the endoplasm!
No target in view!
No target in view!
No target in view!
Found a stone staircase leading down.
Natasha, Servant of Life and Death comes into view.
She is carrying a wand of flame.
There is a stone staircase leading down here.
You shoot an arrow. The arrow hits Natasha!
Natasha hisses angrily.
Natasha is heavily wounded.
You hear a shout!
You shoot an arrow. The arrow closely misses Natasha.
Natasha zaps a wand.
The puff of flame hits you!
Ouch! That really hurt!
A kobold comes into view. It is wielding a +2 dagger of speed.
You are too injured to fight recklessly!
You are too injured to fight recklessly!
You are too injured to fight recklessly!
You are too injured to fight recklessly!
You are too injured to fight recklessly!
You are too injured to fight recklessly!
You are too injured to fight recklessly!
You are too injured to fight recklessly!
You are too injured to fight recklessly!
Unknown command.
You are too injured to fight recklessly!
You shoot an arrow. The arrow barely misses Natasha.
You shoot an arrow.
The arrow hits Natasha but does no damage.
Natasha is heavily wounded.
Natasha zaps a wand.
The puff of flame hits you.
You shoot an arrow. The arrow hits Natasha.
Natasha is almost dead.
Natasha misses you. Natasha claws you.
You die...
Natasha curls up and begins to purr.

........ ####....
####. #. ... #. #.#
#. .###.# #. ...Kh#
#. #@# #. #.#####.
########.
.##.......##........
........##.##.#######
#..##.####.##.# #..
#.# #.##.# .. ##.##
#.##.####
.#...###........
.............####


You could see Natasha and a kobold.

Vanquished Creatures
  3 bats (D:1)
  An endoplasm (D:2)
  2 giant cockroaches (D:1)
  A goblin (D:1)
  2 hobgoblins (D:1)
  5 ball pythons
  A frilled lizard (D:1)
  A kobold (D:1)
  A rat (D:1)
17 creatures vanquished.

Notes
Turn   | Place    | Note
-------+----------+-------------------------------------------
     0 | D:1      | Newt the Kobold Hunter began the quest for the Orb.
     0 | D:1      | Reached XP level 1. HP: 12/12 MP: 1/1
   207 | D:1      | Reached XP level 2. HP: 18/18 MP: 2/2
  1010 | D:2      | Noticed Natasha
  1015 | D:2      | Slain by Natasha

Illustrated notes

Levels and vault maps discovered:
D:1:      minmay_arrival_doors, layout_basic, serial_curves, eino_curves_01,
          eino_curves_04
D:2:      layout_loops_ring, minmay_pentomino_x2, uniq_natasha, uniq_jessica

Skill      XL: |  1  2 |
---------------+-------+-----
Fighting       | 3 |  3.5
Ranged Weapons | |  5.3
Dodging        | |  2.4
Stealth        | |  1.3

Action                     || total
---------------------------++-------
   Fire: Shortbow          ||    44
 Armour: Leather armour    ||    11
  Dodge: Dodged            ||     6

Table legend: (Time is in decaauts)
 A = Elapsed time spent in this place.
 B = Non-inter-level travel time spent in this place.
 C = Inter-level travel time spent in this place.
 D = Time resting spent in this place.
 E = Time spent auto-exploring this place.
 F = Levels seen in this place.
 G = Mean time per level.
                   A        B        C        D        E       F      G
               +--------+--------+--------+--------+--------+-----+--------+
         Total |   1022 |    981 |     41 |      0 |    881 |   2 |  511.0 |
       Dungeon |   1022 |    981 |     41 |      0 |    881 |   2 |  511.0 |
               +--------+--------+--------+--------+--------+-----+--------+

Top non-repeatable levels by time:
     D:1: 910 daAuts
     D:2: 112 daAuts
